AoeStats
← Sr. Hiei

MegaRandom

510625940Analyzed
2v2 RM · 2d ago on Oct 1, 2026· 53m 45s· 4 players
Game mode
Random Map
Map size
Medium (4 player)
Population
200
Speed
Normal
Resources
Standard
Victory
Conquest
Starting age
Dark Age
Ending age
Imperial Age
RankedLock teamsTeams togetherTeam positionsShared explorationLock speedFull tech treeHidden civsTurbo modeCheats
Victory
Defeat
🇦🇷 Japanese · Argentina
1043
+17
🇮🇪 Varangians · Ireland
1031
+17
🇦🇷 Vietnamese · Argentina
1068
-17
🇦🇷 Malians · Argentina
1068
-17
Tatu enjoyer
5:27 Loom
10:57 Feudal Age
14:22 Castle Age
13:57 Double-Bit Axe
16:32 Bow Saw
21:12 Horse Collar
27:17 Scale Barding Armor
29:13 Chain Barding Armor
29:22 Heavy Plow
29:33 Husbandry
29:44 Bloodlines
31:22 Wheelbarrow
31:09 Forging
32:09 Gold Mining
32:26 Stone Mining
33:47 Hand Cart
34:10 Iron Casting
40:56 Imperial Age
41:05 Cavalier
47:09 Plate Barding Armor
47:34 Blast Furnace
52:30 Fletching
53:09 Conscription
Nicesheet
1:07 Loom
11:28 Feudal Age
15:50 Castle Age
13:56 Fishing Lines
17:11 Double-Bit Axe
17:20 Stone Mining
17:39 Gillnets
18:41 Bow Saw
20:30 Town Watch
22:36 Gold Mining
24:17 Wheelbarrow
25:33 Fletching
30:44 Elite Skirmisher
35:50 Padded Archer Armor
35:45 Bodkin Arrow
35:52 Bodkin Arrow
36:02 Scale Mail Armor
36:13 Forging
36:33 Hand Cart
37:30 Leather Archer Armor
37:31 Chain Mail Armor
39:30 Gold Shaft Mining
42:42 Iron Casting
47:46 Imperial Age
49:32 Caravan
51:04 Conscription
51:14 Elite Samurai
52:17 Kataparuto
52:25 Kataparuto
52:29 Ballistics
52:06 Murder Holes
53:11 Chemistry
53:19 Two-Man Saw
52:23 Bracer
53:24 Blast Furnace
52:55 Plate Mail Armor
53:30 Blast Furnace
53:01 Ring Archer Armor
Sr. Hiei
0:30 Loom
15:57 Feudal Age
17:34 Wheelbarrow
20:06 Castle Age
18:05 Horse Collar
18:47 Double-Bit Axe
19:00 Gold Mining
19:40 Scale Mail Armor
20:14 Forging
20:06 Town Watch
21:37 Bow Saw
21:32 Heavy Plow
22:19 Chain Mail Armor
24:46 Arson
33:45 Imperial Age
33:51 Squires
34:10 Elite Gbeto
35:45 Conscription
39:58 Chemistry
38:55 Murder Holes
39:22 Ballistics
40:26 Masonry
41:48 Iron Casting
41:46 Plate Mail Armor
46:17 Gold Shaft Mining
47:34 Architecture
50:57 Fletching
Magistral
0:53 Loom
9:52 Feudal Age
10:34 Double-Bit Axe
16:50 Castle Age
15:31 Fletching
15:54 Gold Mining
17:01 Padded Archer Armor
16:58 Crossbowman
20:10 Leather Archer Armor
22:14 Bodkin Arrow
23:03 Horse Collar
25:00 Ballistics
27:50 Wheelbarrow
32:45 Bow Saw
36:05 Imperial Age
34:02 Light Cavalry
34:55 Bloodlines
36:00 Heavy Plow
36:33 Arbalester
37:39 Bracer
43:35 Forging
43:31 Scale Barding Armor
45:20 Two-Man Saw
45:33 Town Watch
48:26 Iron Casting
47:56 Pikeman
47:58 Elite Skirmisher
50:23 Halberdier
50:27 Imperial Skirmisher
51:29 Scale Mail Armor
53:44 Chemistry
53:38 Squires
53:09 Imperial Skirmisher
Connection lost

Rejoining the realm…

Still unreachable

The connection could not be restored.

Session expired

The server has moved on; the page needs a fresh start.